Map: Protocole central

Players

AbsoluteRed

  • Race: Terran Terran
  • League: Diamond

Worming - Winner!

  • Race: Zerg Zerg
  • League: Diamond

VOD

Have the link to the VOD?

Description

Time

  • Played on: Feb. 14, 2016, 5:15 a.m.
  • Length: 12:24
Show
View Real Time Build Order
Export as new Build Order

AbsoluteRed Terran 

Build Orders:  

Get SALT Encoding   

  12  0:01  SCV  
  13  0:13  SCV  
  14  0:17  Supply Depot  
  14  0:25  SCV  
  15  0:38  SCV  
  15  0:39  Barracks  
  16  0:45  Refinery  
  16  0:51  Refinery  
  16  0:54  SCV  
  17  1:07  SCV  
  18  1:19  SCV  
  19  1:32  Marine  
  20  1:37  Orbital Command, Supply Depot  
  20  1:43  Factory  
  20  1:50  Marine  
  21  2:06  Barracks  
  21  2:08  Marine  
  21  2:10  SCV  
  23  2:25  SCV  
  23  2:26  Marine  
  25  2:35  Factory Tech Lab  
  24  2:50  Command Center  
  24  2:56  Barracks Reactor  
  24  2:59  Barracks Tech Lab  
  24  3:06  Siege Tank  
  27  3:17  SCV  
  28  3:28  Marine  
  28  3:29  Combat Shields  
  28  3:32  Supply Depot  
  29  3:35  Marine x2  
  31  3:53  SCV, Siege Tank, Marine  
  36  4:00  Supply Depot  
  36  4:03  Marine  
  36  4:05  SCV  
  38  4:10  Marine  
  38  4:16  Orbital Command  
  39  4:18  Marine  
  40  4:24  SCV  
  40  4:30  Siege Tank  
  44  4:35  Supply Depot  
  44  4:38  Marine  
  45  4:40  SCV  
  45  4:43  SCV  
  47  4:45  Marine  
  47  4:48  Marine  
  47  4:52  SCV  
  50  4:55  Marine  
  51  5:03  Siege Tank, Marine  
  51  5:06  Marine  
  56  5:10  Starport, SCV  
  56  5:12  SCV  
  58  5:20  Marine  
  58  5:21  Supply Depot  
  59  5:23  SCV  
  59  5:24  SCV  
  59  5:27  Refinery  
  61  5:28  Marine  
  61  5:30  Marine  
  61  5:35  SCV  
  64  5:38  Siege Tank, Marine  
  68  5:45  SCV  
  68  5:46  Marine  
  68  5:47  Medivac, SCV  
  73  5:55  Supply Depot  
  73  5:56  Marine  
  74  5:57  SCV, Marine  
  74  5:59  SCV  
  77  6:04  Marine  
  78  6:16  Marine  
  78  6:17  Siege Tank, SCV  
  78  6:18  Supply Depot  
  77  6:40  Marine x2  
  77  6:41  Marauder  
  77  6:46  Starport Reactor  
  80  6:49  Siege Tank  
  83  6:58  Marine x2  
  82  7:02  Marauder  
  82  7:10  SCV x2  
  82  7:12  Barracks  
  82  7:13  Barracks  
  84  7:16  Marine x2  
  84  7:22  SCV x2  
  88  7:23  Medivac, Marine  
  88  7:24  Command Center  
  89  7:33  Marine x2  
  73  7:41  Marine  
  74  7:49  Siege Tank  
  74  7:50  Medivac  
  79  7:51  Marine x2  
  79  7:55  Supply Depot  
  79  7:57  Supply Depot  
  80  7:59  Marine  
  81  8:06  Barracks Reactor x2  
  81  8:09  Marine x2  
  81  8:10  Stimpack  
  81  8:12  Supply Depot x2  
  78  8:26  Marine  
  73  8:29  Medivac x2  
  73  8:31  Siege Tank  
  80  8:39  Marine x2  
  82  8:52  Refinery  
  69  9:03  Siege Tank  
  69  9:05  Marine  
  69  9:06  Marine x3  
  69  9:07  Marine x3  
  79  9:14  SCV x2  
  81  9:25  Marine  
  81  9:26  SCV x2, Marine x5  
  81  9:27  Marine  
  81  9:28  Command Center  
  90  9:32  Medivac x2  
  90  9:35  Siege Tank  
  98  9:38  SCV x2  
  98  9:43  Marine x2  
  98  9:45  Marauder  
  103  9:50  SCV  
  103  9:51  Factory  
  104  9:54  Marine x3  
  104  9:55  Marine  
  104  9:56  SCV  
  109  10:00  Engineering Bay  
  109  10:01  Marine  
  109  10:02  SCV  
  109  10:03  Engineering Bay  
  111  10:07  Siege Tank  
  111  10:08  SCV  
  113  10:19  Marine x5  
  113  10:20  Marine x2  
  120  10:37  Marine x3  
  120  10:39  Siege Tank  
  126  10:47  Factory Tech Lab  
  126  10:48  Marine x2  
  126  10:49  SCV, Marauder  
  132  10:50  SCV  
  132  10:59  Marine x3  
  132  11:00  Marine  
  132  11:02  Medivac x2  
  139  11:11  Marine x2  
  141  11:13  Supply Depot  
  141  11:15  Supply Depot  
  141  11:18  Refinery  
  141  11:19  Refinery  
  140  11:34  Siege Tank  
  140  11:35  Siege Tank  
  97  11:59  Marine x2  
  97  12:00  Marauder, Marine x4  
Show
View Real Time Build Order
Export as new Build Order

Worming Zerg - Winner!

Build Orders: Hatch First 

Get SALT Encoding   

  12  0:02  Drone  
  13  0:10  Drone  
  14  0:17  Overlord  
  14  0:23  Extractor  
  14  0:24  Drone  
  15  0:36  Drone x2  
  17  0:55  Drone, Hatchery  
  17  0:59  Drone  
  18  1:12  Spawning Pool  
  18  1:16  Drone  
  18  1:19  Drone  
  19  1:29  Drone  
  20  1:33  Extractor  
  20  1:38  Drone  
  20  1:50  Drone  
  21  2:01  Overlord  
  21  2:07  Queen x2  
  21  2:08  Zergling x2  
  26  2:14  Overlord  
  26  2:18  Drone  
  27  2:27  Drone  
  28  2:31  Drone  
  29  2:37  Metabolic Boost  
  29  2:40  Drone x2  
  29  2:42  Queen  
  33  2:53  Drone x2  
  35  2:59  Drone  
  36  3:06  Overlord  
  35  3:19  Drone x6  
  42  3:20  Drone  
  42  3:26  Drone x2  
  44  3:29  Hatchery  
  44  3:30  Zergling x2  
  44  3:33  Zergling x2  
  45  3:49  Roach Warren  
  44  3:59  Overlord  
  44  4:00  Overlord  
  44  4:01  Overlord  
  44  4:11  Evolution Chamber  
  44  4:12  Lair, Evolution Chamber, Extractor x2  
  44  4:15  Drone x3  
  44  4:16  Drone  
  44  4:17  Overlord x2  
  44  4:22  Drone  
  44  4:23  Drone  
  45  4:41  Zerg Missile Weapons Level 1, Zerg Ground Armor Level 1  
  45  4:44  Drone x3  
  45  4:45  Extractor  
  47  4:52  Drone x4  
  51  4:55  Drone x2  
  53  5:12  Drone x9  
  53  5:14  Glial Reconstitution  
  62  5:18  Zergling x2  
  63  5:32  Drone x3  
  63  5:33  Overlord  
  63  5:34  Overlord  
  66  5:39  Queen  
  66  5:42  Overlord  
  68  5:43  Overlord  
  68  5:44  Roach x5  
  78  5:52  Roach x3  
  84  5:59  Roach  
  84  6:00  Roach x2  
  90  6:06  Ravager x5  
  95  6:12  Roach x6  
  95  6:13  Zergling x2  
  108  6:27  Extractor  
  108  6:28  Roach x3  
  108  6:31  Hatchery  
  104  6:41  Roach x8  
  110  7:03  Roach  
  110  7:04  Roach x10  
  118  7:17  Roach  
  118  7:18  Roach  
  122  7:23  Overlord  
  122  7:24  Overlord x2  
  105  7:38  Zerg Missile Weapons Level 2  
  105  7:41  Drone x3, Extractor  
  105  7:42  Drone  
  105  7:43  Drone x2  
  110  7:45  Ravager x2  
  110  7:46  Ravager  
  113  8:08  Zergling x2  
  113  8:09  Zergling x16  
  109  8:24  Overseer  
  109  8:29  Infestation Pit, Zerg Ground Armor Level 2  
  109  8:31  Hydralisk Den  
  107  8:35  Overlord x2  
  107  8:45  Hatchery  
  100  9:00  Overseer  
  94  9:07  Zergling x10  
  94  9:08  Roach x7  
  113  9:10  Muscular Augments  
  113  9:16  Drone x6  
  119  9:22  Hive  
  119  9:23  Pathogen Glands  
  119  9:36  Pneumatized Carapace  
  119  9:40  Zergling x10  
  119  9:41  Zergling x6  
  119  9:42  Overlord x5  
  119  9:43  Overlord  
  127  9:48  Spine Crawler  
  126  9:58  Zergling x2  
  127  10:00  Infestor x4  
  127  10:03  Roach x2  
  139  10:16  Extractor  
  139  10:17  Drone  
  139  10:18  Drone x2, Extractor  
  139  10:19  Drone x3  
  139  10:20  Drone x2  
  145  10:24  Roach x3  
  145  10:25  Roach  
  145  10:28  Ravager x6  
  146  10:29  Ravager, Hydralisk  
  146  10:30  Zergling x2  
  155  10:38  Hydralisk x3  
  161  10:55  Zergling x2  
  161  10:56  Zergling x2  
  163  10:58  Zergling x2  
  163  11:12  Spire  
  163  11:17  Zergling x20  
  163  11:18  Zergling x4  
  174  11:24  Queen x2  
  178  11:25  Drone x3  
  180  11:34  Extractor  
  180  11:35  Extractor  
  146  11:50  Zergling x2, Hydralisk x3  
  146  11:51  Zergling x22  
Tags
 
Add a new tag
Caveats
  • Supply blocks, unpowered buildings, or Contaminate may cause inaccurate times.
  • Supply counts are checked every 10 seconds.